 Dungeon Crawl Stone Soup version 0.30-a0-605-gb2882149bf (webtiles) character file.

Game seed: 12512044117130589862

20974 Monkooky the Jinx (level 13, -2/90 HPs)
             Began as a Formicid Hexslinger on Jan 7, 2023.
             Was a High Priest of Wu Jian.
             Succumbed to a black mamba's poison
             ... on level 2 of the Lair of Beasts.
             The game lasted 00:59:09 (13949 turns).

Monkooky the Jinx (Formicid Hexslinger)            Turns: 13949, Time: 00:59:10

Health: -2/90      AC:  6    Str: 14    XL:     13   Next: 16%
Magic:  14/26      EV: 27    Int: 19    God:    Wu Jian [*****.]
Gold:   593        SH:  0    Dex: 14    Spells: 1/30 levels left

rFire   + + +      SeeInvis +    R - +1 quick blade (spect)
rCold   x . .      Faith    .    (no shield)
rNeg    . . .      Spirit   .    m - +2 robe {rF+}
rPois   .          Reflect  .    (helmet unavailable)
rElec   .          Harm     .    L - +0 cloak
rCorr   .          Rampage  .    (no gloves)
Will    +....                    y - +0 pair of boots
Stlth   +                        C - amulet of the acrobat
HPRegen 0.35/turn                s - ring of protection from fire
MPRegen 0.20/turn                F - ring of fire

@: lethally poisoned (-2 -> -24), exhausted, acrobatic
A: permanent stasis, dig shafts and tunnels, antennae 3, four strong arms
a: Dig, Shaft Self, Renounce Religion, Wall Jump, Serpent's Lash, Heavenly Storm


You were on level 2 of the Lair of Beasts.
You worshipped Wu Jian.
Wu Jian was extremely pleased with you.
You visited 2 branches of the dungeon, and saw 12 of its levels.

You collected 826 gold pieces.
You spent 233 gold pieces at shops.

Inventory:

Hand Weapons
 a - a +1 sling
 e - a +0 lajatang
 t - a +0 dagger
 M - a +8 scimitar
 R - a +1 spectral quick blade (weapon)
Missiles
 d - 5 datura-tipped darts
 f - 6 boomerangs
 n - 2 silver boomerangs
 D - a throwing net
 T - a curare-tipped dart
Armour
 m - a +2 robe of fire resistance (worn)
 o - +0 steam dragon scales
 y - a +0 pair of boots (worn)
 L - a +0 cloak (worn)
Magical Staves
 j - a staff of conjuration
Jewellery
 s - a ring of protection from fire (left hand)
 v - a ring of ice
 w - a ring of protection from fire
 z - a ring of ice
 C - an amulet of the acrobat (around neck)
 F - a ring of fire (right hand)
Wands
 p - a wand of digging (7)
 u - a wand of flame (38)
 G - a wand of paralysis (5)
 I - a wand of polymorph (6)
 P - a wand of light (3)
Scrolls
 b - 3 scrolls of poison
 h - 3 scrolls of enchant armour
 l - a scroll of amnesia {unknown}
 A - 3 scrolls of silence
 B - 2 scrolls of magic mapping
 O - 2 scrolls of fog
 Q - a scroll of vulnerability
 S - 2 scrolls of torment
Potions
 c - a potion of might
 g - 4 potions of brilliance
 i - a potion of mutation
 k - 3 potions of invisibility
 q - 2 potions of degeneration {unknown}
 r - 4 potions of heal wounds
 x - a potion of berserk rage {unknown}
 E - 2 potions of curing
 H - 2 potions of lignification {unknown}
 J - 3 potions of flight {unknown}
 K - a potion of magic {unknown}


   Skills:
 * Level 4.8 Fighting
 - Level 8.0 Short Blades
 - Level 2.3 Ranged Weapons
 + Level 3.0 Armour
 - Level 1.9 Dodging
 - Level 9.3 Spellcasting
 - Level 14.7 Hexes
 - Level 7.3 Summonings
 - Level 1.4 Translocations
 - Level 4.2 Fire Magic
 - Level 6.3 Ice Magic


You had one spell level left.
You knew the following spells:

 Your Spells              Type           Power      Damage    Failure   Level
a - Slow                  Hex            100%       N/A       1%          1
b - Inner Flame           Hex/Fire       61%        N/A       1%          3
c - Cause Fear            Hex            30%        N/A       1%          4
d - Portal Projectile     Hex/Tloc       78%        N/A       1%          3
e - Summon Mana Viper     Hex/Summ       50%        N/A       2%          5
f - Metabolic Englaciati  Hex/Ice        24%        N/A       3%          5
g - Discord               Hex            30%        N/A       77%         8

Your spell library contained the following spells:

 Spells                   Type           Power      Damage    Failure   Level
 Necrotise                Necr           32%        1d5       8%          1
 Ozocubu's Armour         Ice            33%        N/A       1%          3
 Gell's Gravitas          Tloc           14%        N/A       13%         3
 Teleport Other           Tloc           14%        N/A       13%         3
 Animate Armour           Summ/Erth      44%        N/A       19%         4
 Vampiric Draining        Necr           8%         2d6       24%         3
 Manifold Assault         Tloc           14%        N/A       41%         4
 Summon Cactus Giant      Summ           18%        N/A       52%         6
 Olgreb's Toxic Radiance  Pois           8%         N/A       61%         4
 Fireball                 Conj/Fire      12%        3d7       67%         5
 Agony                    Necr           8%         N/A       91%         5
 Alistair's Intoxication  Tmut/Pois      5%         N/A       91%         5
 Borgnjor's Vile Clutch   Necr/Erth      4%         N/A       91%         5
 Iskenderun's Battlesphe  Conj           8%         2d6       91%         5
 Simulacrum               Ice/Necr       10%        N/A       97%         6
 Conjure Ball Lightning   Conj/Air       4%         3x3d6     100%        6
 Dispersal                Tloc           7%         N/A       100%        6
 Eringya's Noxious Bog    Tmut/Pois      4%         N/A       100%        6
 Orb of Destruction       Conj           4%         9d5       100%        7
 Disjunction              Tloc           7%         N/A       100%        8


Dungeon Overview and Level Annotations

Branches:
Dungeon (10/15)            Temple (0/1) D:7            Lair (2/5) D:9
  Swamp: Lair:2-3    Shoals: Lair:2-3     Snake: Lair:2-3    Spider: Lair:2-3
    Orc: D:9-12

Altars:
Ashenzari
Cheibriados
Elyvilon
Fedhas
Hepliaklqana
Kikubaaqudgha
Makhleb
Okawaru
Qazlal
Uskayaw
Vehumet
Wu Jian
Xom
Yredelemnul
Zin

Shops:
D:3 !   D:5 !   D:7 *   D:9 [

Annotations:
D:1 exclusion: downstairs
D:2 1 runed translucent door, exclusion: downstairs, Crazy Yiuf
D:3 exclusion: downstairs
D:6 1 runed translucent door


Innate Abilities, Weirdness & Mutations

You cannot be hasted, slowed, berserked, paralysed or teleported.
You can dig through walls and to a lower floor.
You have a pair of large antennae on your head. (SInv)
Your four strong arms can wield two-handed weapons with a shield.


Message History

You catch the helpless black mamba completely off-guard!
You hit the black mamba.
The black mamba is almost dead.
Your +1 spectral quick blade closely misses the black mamba.
The black mamba bites you!
You are poisoned.
The black mamba poisons you! The jumping spider pounces on you!
* * * LOW HITPOINT WARNING * * *
The jumping spider bites you.
* * * LOW HITPOINT WARNING * * *
Your mana viper closely misses the black mamba.
You feel better. The black mamba closely misses you.
The jumping spider barely misses you. The jumping spider bites you.
* * * LOW HITPOINT WARNING * * *
Your mana viper bites the black mamba.
The black mamba bites you.
* * * LOW HITPOINT WARNING * * *
Your muscles tense, ready for explosive movement...
You spin and attack the black mamba repeatedly, with incredible momentum.
You hit the black mamba but do no damage.
The black mamba is almost dead.
You hit the black mamba.
The black mamba is almost dead.
You hit the black mamba.
The black mamba is almost dead.
You spin and attack the black mamba repeatedly, with incredible momentum.
You hit the black mamba.
The black mamba is almost dead.
You hit the black mamba but do no damage.
The black mamba is almost dead.
You hit the black mamba but do no damage.
The black mamba is almost dead.
You hit the black mamba but do no damage.
The black mamba is almost dead.
Your supernatural speed expires.
The black mamba attacks as you move away!
The black mamba bites you!
* * * LOW HITPOINT WARNING * * *
You are lethally poisoned!
The black mamba poisons you!
You die...

. #### .#.
###..#
...#P○°.##
###.#.☼.<☼#
........@.##
.......S...#
..#..§S○..### .
##s.○.....#
.......s......#
.#............#
#...#|.....###
....###.....#
.... ......#


You could see a black mamba (ally target), a jumping spider (soul bound), a
redback and a friendly mana viper (summoned).

Vanquished Creatures
  Gastronok (D:8)
  A two-headed ogre (D:9)
  A centaur warrior (D:10)
  8 death yaks (D:9)
  A pharaoh ant (Lair:2)
  A deep elf pyromancer (D:10)
  Pikel (D:3)
  A cyclops (D:10)
  Maggie (Lair:1)
  3 cane toads (Lair:1)
  A troll (D:10)
  A jumping spider (Lair:2)
  Sigmund (D:3)
  2 shadows (D:10)
  A vampire (D:9)
  A basilisk (Lair:1)
  8 yaks
  A steam dragon (D:9)
  An acid dragon (D:9)
  2 water moccasins
  Duvessa (D:7)
  2 orc warriors
  A black bear (D:7)
  4 sky beasts
  2 wolves (D:8)
  2 ice beasts
  3 centaurs
  A lemure (D:3)
  A phantom (D:4)
  A kobold brigand (D:9)
  5 bullfrogs
  A necrophage (D:6)
  8 scorpions (D:6)
  6 wights
  Dowan (D:7)
  5 killer bees (D:9)
  9 hounds
  4 jellies
  4 iguanas
  2 gnoll boudas
  Terence (D:2)
  3 orc priests
  7 hell rats (Lair:1)
  Natasha (thrice) (D:4)
  6 orc wizards
  A mummy (D:6)
  4 adders
  8 gnolls
  A white imp (D:7)
  2 dart slugs
  26 orcs
  7 endoplasms
  11 giant cockroaches
  9 goblins
  5 hobgoblins
  9 jackals
  10 kobolds
  4 quokkas
  7 ball pythons
  4 bats
  2 frilled lizards
  A hobgoblin zombie (D:6)
  3 orc zombies (D:6)
  A rat (D:2)
236 creatures vanquished.

Vanquished Creatures (collateral kills)
  An ogre mage (D:10)
  A two-headed ogre (D:10)
  A cane toad (Lair:1)
  An unseen horror (D:10)
  A troll (D:10)
  A shadow (D:8)
  Grum (D:8)
  3 yaks
  2 steam dragons
  A basilisk (Lair:1)
  4 water moccasins
  An acid dragon (D:10)
  2 orc warriors (D:8)
  A centaur (D:7)
  A phantom (D:7)
  4 bullfrogs
  A necrophage (D:6)
  2 wights (D:9)
  A killer bee (D:9)
  An orc wizard (D:10)
  3 gnolls (D:8)
  An orc (D:7)
  A kobold (D:9)
36 creatures vanquished.

Vanquished Creatures (others)
  6 fungi (Lair:1)
  6 plants (Lair:1)
12 creatures vanquished.

Grand Total: 284 creatures vanquished

Notes
Turn   | Place    | Note
-------+----------+-------------------------------------------
     0 | D:1      | Monkooky the Formicid Hexslinger began the quest for the
                  | Orb.
     0 | D:1      | Reached XP level 1. HP: 15/15 MP: 2/2
    46 | D:1      | Reached XP level 2. HP: 21/21 MP: 3/3
   156 | D:1      | Reached skill level 4 in Hexes
   244 | D:1      | Reached XP level 3. HP: 26/26 MP: 5/5
   248 | D:1      | Learned a level 3 spell: Inner Flame
   518 | D:2      | Noticed Terence
   744 | D:2      | Found a runed translucent door.
   745 | D:2      | Noticed Crazy Yiuf
   856 | D:2      | Killed Terence
   857 | D:2      | Reached XP level 4. HP: 21/32 MP: 1/7
  1061 | D:2      | Reached skill level 1 in Fire Magic
  1654 | D:3      | Noticed Sigmund
  1669 | D:3      | Killed Sigmund
  1670 | D:3      | Reached XP level 5. HP: 19/37 MP: 5/8
  1670 | D:3      | Reached XP level 6. HP: 22/43 MP: 5/9
  1675 | D:3      | Learned a level 4 spell: Cause Fear
  1810 | D:3      | Found Wecyt's Distillery.
  1834 | D:3      | Reached skill level 5 in Hexes
  2009 | D:3      | Found a hide-covered altar of Uskayaw.
  2110 | D:3      | Bought a potion of heal wounds for 50 gold pieces
  2110 | D:3      | Bought a potion of brilliance for 40 gold pieces
  2248 | D:3      | Found a faded altar of an unknown god.
  2394 | D:3      | Prayed at the altar of an unknown god.
  2394 | D:3      | Became a worshipper of the Wu Jian Council
  2394 | D:3      | Reached * piety under Wu Jian
  2595 | D:4      | Noticed Pikel
  3038 | D:3      | Killed Pikel
  3039 | D:3      | Reached skill level 5 in Spellcasting
  3039 | D:3      | Reached XP level 7. HP: 48/48 MP: 2/15
  3043 | D:3      | Learned a level 3 spell: Portal Projectile
  3297 | D:3      | Reached skill level 1 in Translocations
  3297 | D:3      | Reached XP level 8. HP: 48/54 MP: 5/16
  3519 | D:4      | Noticed Natasha
  3527 | D:4      | Killed Natasha
  3528 | D:4      | Reached skill level 6 in Hexes
  3740 | D:4      | Noticed Natasha
  3752 | D:4      | Killed Natasha
  3961 | D:4      | Noticed Natasha
  3963 | D:4      | Killed Natasha
  4127 | D:4      | Found a snail-covered altar of Cheibriados.
  4203 | D:4      | Found an iron altar of Okawaru.
  4222 | D:5      | Entered Level 5 of the Dungeon
  4262 | D:5      | Reached skill level 7 in Hexes
  4640 | D:5      | Reached skill level 8 in Hexes
  4841 | D:5      | Got the Omnibus of Corruption and Accomplices
  4848 | D:5      | Learned a level 5 spell: Summon Mana Viper
  4959 | D:5      | Reached ** piety under Wu Jian
  5025 | D:5      | Found a burning altar of Makhleb.
  5199 | D:5      | Found Oxak Cil's Distillery.
  5207 | D:5      | Bought a potion of invisibility for 104 gold pieces
  5207 | D:5      | Bought a potion of curing for 39 gold pieces
  5306 | D:6      | Reached XP level 9. HP: 59/59 MP: 13/17
  5399 | D:6      | Found a stormy altar of Qazlal.
  5452 | D:6      | Reached skill level 5 in Summonings
  5726 | D:6      | Found an opulent altar of Gozag.
  5729 | D:6      | Found a shimmering altar of Xom.
  5729 | D:6      | Found a broken altar of Ashenzari.
  5731 | D:6      | Found a hide-covered altar of Uskayaw.
  5731 | D:6      | Found a basalt altar of Yredelemnul.
  5731 | D:6      | Found a hazy altar of Hepliaklqana.
  5756 | D:6      | Found a radiant altar of Vehumet.
  6094 | D:6      | Found an ornate altar of the Wu Jian Council.
  6115 | D:6      | Found a blossoming altar of Fedhas.
  6115 | D:6      | Found a broken altar of Ashenzari.
  6397 | D:6      | Found a runed translucent door.
  6398 | D:6      | Found a runed translucent door.
  6406 | D:6      | Reached *** piety under Wu Jian
  6407 | D:6      | Reached skill level 9 in Hexes
  6651 | D:7      | Noticed Dowan
  6783 | D:7      | Noticed Duvessa
  6790 | D:7      | Killed Duvessa
  7027 | D:7      | Killed Dowan
  7122 | D:7      | Reached XP level 10. HP: 65/65 MP: 7/19
  7130 | D:7      | Reached skill level 10 in Hexes
  7344 | D:7      | Learned a level 5 spell: Metabolic Englaciation
  7498 | D:7      | Reached skill level 1 in Ice Magic
  7545 | D:7      | Found Ciopp's Assorted Antiques.
  7822 | D:7      | Found a staircase to the Ecumenical Temple.
  8066 | D:7      | Reached skill level 11 in Hexes
  8149 | D:8      | Noticed Gastronok
  8270 | D:8      | Reached **** piety under Wu Jian
  8274 | D:8      | HP: 2/65 [Gastronok (26)]
  8278 | D:8      | Killed Gastronok
  8279 | D:8      | Reached skill level 12 in Hexes
  8279 | D:8      | Reached XP level 11. HP: 31/70 MP: 0/22
  8527 | D:8      | Noticed Grum
  8712 | D:8      | Killed Grum
  9377 | D:8      | Found a glowing silver altar of Zin.
  9490 | D:9      | Noticed a two-headed ogre
  9501 | D:9      | Killed a two-headed ogre
  9502 | D:9      | Reached skill level 13 in Hexes
 10295 | D:9      | Found Vetwism's Armour Emporium.
 10323 | D:9      | Noticed a death yak
 10333 | D:9      | Noticed a death yak
 10335 | D:9      | Noticed a death yak
 10335 | D:9      | Noticed a death yak
 10337 | D:9      | Noticed a death yak
 10340 | D:9      | Noticed a death yak
 10341 | D:9      | Killed a death yak
 10342 | D:9      | Reached skill level 5 in Ice Magic
 10349 | D:9      | Noticed a death yak
 10352 | D:9      | Killed a death yak
 10353 | D:9      | Killed a death yak
 10353 | D:9      | Killed a death yak
 10354 | D:9      | Reached skill level 14 in Hexes
 10356 | D:9      | Noticed a death yak
 10357 | D:9      | Killed a death yak
 10358 | D:9      | Reached XP level 12. HP: 61/77 MP: 4/25
 10359 | D:9      | Killed a death yak
 10361 | D:9      | Killed a death yak
 10366 | D:9      | Killed a death yak
 10521 | D:9      | Identified the +1 scale mail of Insecurity {+Inv Fly Int+7}
 10687 | D:9      | Reached skill level 1 in Short Blades
 10894 | D:9      | Learned a level 8 spell: Discord
 10944 | D:9      | Found a staircase to the Lair.
 11008 | D:10     | Entered Level 10 of the Dungeon
 11345 | D:10     | Found a white marble altar of Elyvilon.
 11346 | D:10     | Found an ancient bone altar of Kikubaaqudgha.
 11368 | D:10     | Noticed an ogre mage
 11376 | D:10     | Killed an ogre mage
 11724 | D:10     | Reached skill level 5 in Short Blades
 11858 | D:10     | Noticed a centaur warrior
 11883 | D:10     | Killed a centaur warrior
 12114 | D:10     | Noticed a two-headed ogre
 12129 | D:10     | Killed a two-headed ogre
 12456 | Lair:1   | Entered Level 1 of the Lair of Beasts
 12731 | Lair:1   | Reached ***** piety under Wu Jian
 13183 | Lair:1   | Noticed Maggie
 13191 | Lair:1   | Killed Maggie
 13291 | Lair:1   | Reached skill level 1 in Armour
 13291 | Lair:1   | Reached XP level 13. HP: 46/85 MP: 5/26
 13949 | Lair:2   | HP: 3/90 [black mamba (14)]
 13949 | Lair:2   | Succumbed to a black mamba's poison

Illustrated notes

Levels and vault maps discovered:
D:1:      scummos_arrival_simple_crosswalls, layout_rooms, minivault_26,
          minmay_cut_off
D:2:      layout_rooms, kennysheep_path_1, kennysheep_minor_cross,
          hangedman_decor_slide_cut, uniq_crazy_yiuf_cottage, uniq_terence
D:3:      layout_basic, nicolae_overflow_hidden_temple, basic_ecumenical_altar,
          serial_shops, nicolae_shop_hallway_stairs, minmay_misc_feat_tiny,
          uniq_sigmund
D:4:      layout_rooms, nicolae_overflow_crystal_walls,
          lemuel_coloured_pillars_altar, uniq_natasha, uniq_pikel
D:5:      layout_gridville, lightli_temple_of_fire, serial_shops, shop
D:6:      lemuel_insect_pit, layout_basic, doesnt_xom_only_xom,
          nicolae_vehumet_altar_sigil, nicolae_qazlal_general_emergency,
          chequers_temple_overflow_statue_of_worship, minmay_mini_ossuary
D:7:      layout_rooms, minmay_temple_entry_purple_smoke, serial_shops, shop,
          uniq_duvessa
D:8:      layout_cave_pools, mainiacjoe_overflow_24_doors, serial_glass,
          glass_columns_c, glass_columns_b, glass_columns_a, uniq_gastronok,
          uniq_grum
D:9:      nicolae_whirlpool, layout_cave_pools, dpeg_lair_monsters,
          serial_shops, kennysheep_little_box, minivault_11
D:10:     layout_basic, mainiacjoe_overflow_divided_tiny, minmay_misc_feat_rows,
          kb_rosetta
Lair:1:   layout_roguey, uniq_maggie
Lair:2:   layout_cave_pods, nicolae_spider_entry_lesser_pyramids,
          pdpol_lair_neglected_garden, hangedman_lair_unloving_vines,
          grunt_megastairs_5

Skill      XL: |  1  2  3  4  5  6  7  8  9 10 11 12 13 |
---------------+----------------------------------------+-----
Hexes          | 4 5 8 9 12 14 | 14.7
Spellcasting   | 2 5 6 7 9 |  9.3
Fire Magic     | 4 |  4.2
Translocations | 1 |  1.4
Summonings     | 3 6 7 |  7.3
Ice Magic      | 3 5 6 |  6.3
Short Blades   | 8 |  8.0
Fighting       | 2 4 |  4.8
Armour         | 1 3 |  3.0
Ranged Weapons | |  2.3
Dodging        | |  1.9

Action                   |  1- 3 |  4- 6 |  7- 9 | 10-12 | 13-15 || total
-------------------------+-------+-------+-------+-------+-------++-------
Melee: Sling             |       |       |     3 |     2 |       ||     5
       Scimitar          |       |       |       |    11 |       ||    11
       Quick blade       |       |       |       |    39 |    38 ||    77
       Punch             |       |       |       |     1 |     1 ||     2
 Fire: Sling             |    96 |   103 |   248 |   157 |     2 ||   606
 Cast: Slow              |     3 |    11 |     7 |     3 |       ||    24
       Inner Flame       |     2 |     8 |    54 |    81 |     6 ||   151
       Cause Fear        |       |     2 |    10 |       |       ||    12
       Portal Projectile |       |       |     6 |     3 |       ||     9
       Summon Mana Viper |       |       |     7 |    44 |     9 ||    60
       Metabolic Englaci |       |       |       |     6 |       ||     6
Invok: Whirlwind         |       |       |       |     1 |     2 ||     3
       Serpent's Lash    |       |       |       |     1 |     1 ||     2
       Lunge             |       |       |       |     3 |     1 ||     4
 Abil: Dig               |       |       |     1 |       |       ||     1
       Wall Jump         |       |       |       |     2 |     1 ||     3
Evoke: Wand              |       |       |     2 |     6 |       ||     8
  Use: Scroll            |       |       |     6 |    10 |       ||    16
       Potion            |       |       |       |     1 |     2 ||     3
 Stab: Distracted        |       |       |       |       |     2 ||     2
Armor: Robe              |     8 |     9 |    30 |    24 |     4 ||    75
Dodge: Dodged            |    31 |    35 |    91 |    92 |    11 ||   260

Table legend: (Time is in decaauts)
 A = Elapsed time spent in this place.
 B = Non-inter-level travel time spent in this place.
 C = Inter-level travel time spent in this place.
 D = Time resting spent in this place.
 E = Time spent auto-exploring this place.
 F = Levels seen in this place.
 G = Mean time per level.
                   A        B        C        D        E       F      G
               +--------+--------+--------+--------+--------+-----+--------+
         Total |  14123 |  13413 |    710 |   3342 |   7509 |  12 | 1176.9 |
       Dungeon |  12683 |  12054 |    629 |   3024 |   6677 |  10 | 1268.3 |
          Lair |   1440 |   1359 |     81 |    318 |    832 |   2 |  720.0 |
               +--------+--------+--------+--------+--------+-----+--------+

Top non-repeatable levels by time:
     D:3: 1829 daAuts
     D:6: 1776 daAuts
     D:8: 1659 daAuts
     D:7: 1419 daAuts
  Lair:1: 1418 daAuts
    D:10: 1225 daAuts
     D:9: 1217 daAuts
     D:2: 1070 daAuts
     D:5: 1021 daAuts
     D:4: 929 daAuts
     D:1: 534 daAuts
  Lair:2: 22 daAuts
